 Dungeon Crawl Stone Soup version 0.32-a0-13-gbaedc5810e (webtiles) character file.

Game seed: 3090625797526688547

68 Essalna the Digger (level 4, -5/24 HPs)
             Began as a Gargoyle Earth Elementalist on Jan 15, 2024.
             Slain by a gnoll
             ... wielding a +0 halberd
              (9 damage)
             ... on level 2 of the Dungeon.
             The game lasted 00:02:19 (1079 turns).

Essalna the Digger (Gargoyle Earth Elementalist)    Turns: 1079, Time: 00:02:20

Health: -5/24      AC:  6    Str: 12    XL:     4   Next: 19%
Magic:  5/8        EV: 11    Int: 17    God:
Gold:   99         SH:  0    Dex: 10    Spells: 7/8 levels left

rFire   . . .        f - +0 hand axe
rCold   . . .        (no shield)
rNeg    + . .        a - +0 robe
rPois   ∞            (no helmet)
rElec   +            (no cloak)
rCorr   .            g - +0 pair of gloves
SInv    .            (no boots)
Will    .....        c - amulet of magic regeneration
Stlth   ++           (no ring)
HPRegen 0.24/turn    (no ring)
MPRegen 0.51/turn

%: no passive effects
@: no status effects
A: sickness immunity, AC +3, negative energy resistance 1, electricity
resistance, torment resistance 1, petrification resistance
a: no special abilities


You were on level 2 of the Dungeon.
You visited 1 branch of the dungeon, and saw 2 of its levels.

You collected 99 gold pieces.

Inventory:

Hand Weapons
 f - a +0 hand axe (weapon)
Armour
 a - a +0 robe (worn)
 g - a +0 pair of gloves (worn)
Jewellery
 c - an amulet of magic regeneration (around neck)
Scrolls
 e - 4 scrolls of identify {unknown}
 h - a scroll of blinking {unknown}
 j - a scroll of noise {unknown}
Potions
 b - a potion of magic
 d - a potion of curing {unknown}
 i - a potion of attraction {unknown}
 k - a potion of might {unknown}
 l - a potion of berserk rage {unknown}


   Skills:
 - Level 1.5 Dodging
 - Level 2.1 Stealth
 + Level 2.9 Spellcasting
 + Level 2.4 Conjurations
 + Level 4.5 Earth Magic


You had 7 spell levels left.
You knew the following spells:

 Your Spells              Type           Power      Damage    Failure   Level
a - Sandblast             Erth           34%        2d9       2%          1

Your spell library contained the following spells:

 Spells                   Type           Power      Damage    Failure   Level
 Passwall                 Erth           17%        N/A       9%          3
 Stone Arrow              Conj/Erth      28%        3d8       13%         3
 Freeze                   Ice            8%         1d3       19%         1
 Scorch                   Fire           4%         2d5       26%         2
 Hailstorm                Conj/Ice       6%         3d5       32%         3
 Brom's Barrelling Bould  Conj/Erth      14%        2d4       38%         4
 Frozen Ramparts          Ice            4%         1d1       47%         3
 Petrify                  Alch/Erth      10%        N/A       56%         4
 Flame Wave               Conj/Fire      6%         2d5       71%         4
 Summon Cactus Giant      Summ           1%         N/A       100%        6


Dungeon Overview and Level Annotations

Branches:
Dungeon (2/15)

Altars:

Annotations:
D:1 1 runed translucent door


Innate Abilities, Weirdness & Mutations

You are immune to sickness and miasma.
Your stone body is resilient. (AC +3)
You are immune to poison.
You resist negative energy. (rN+)
You are resistant to electric shocks. (rElec)
You are resistant to unholy torment.
You are immune to petrification.


Message History

You kill the jackal!
The blast of sand hits the gnoll!
The gnoll is severely wounded.
The blast of sand hits the gnoll!
You kill the gnoll!
The jackal bites you but does no damage.
You have reached level 4!
You feel stronger.
The blast of sand hits the jackal!
You kill the jackal!
The blast of sand misses the rat.
The blast of sand hits the gnoll.
The gnoll is moderately wounded.
The rat barely misses you.
The blast of sand hits the rat.
You kill the rat!
The gnoll misses you.
The blast of sand hits the gnoll!
The gnoll is almost dead.
The jackal closely misses you. The gnoll barely misses you.
The jackal bites you. The gnoll hits you but does no damage.
The gnoll hits you from afar with a +0 halberd.
The jackal bites you but does no damage.
The blast of sand misses the gnoll.
The jackal closely misses you. The gnoll hits you with a +0 whip.
The gnoll barely misses you. The jackal misses you.
The gnoll hits you with a +0 whip.
You are too injured to fight recklessly!
You are too injured to fight recklessly!
You are too injured to fight recklessly!
Casting: Sandblast (safe; 2% risk of failure)
Confirm with . or Enter, or press ? or * to list all spells.
Aiming: Sandblast (safe; 2% risk of failure)
Press: ? - help, Shift-Dir - straight line, f/p - gnoll
Aim: a gnoll, wielding a +0 whip (almost dead, 84% to hit)
The blast of sand hits the gnoll!
You kill the gnoll!
The gnoll hits you from afar with a +0 halberd!
* * * LOW HITPOINT WARNING * * *
The jackal misses you.
The gnoll hits you from afar with a +0 halberd!
You die...

.h..~.. #.....# #.
~~.~~≈≈ #.##### #.
≈≈~≈~≈≈ #.# #. . ...~.
#.# #. ... ~..
#.########. .~~..#)####
#.......### ......†g..#
##.......# ..#.####h)##
#........### #.@.##
#........'..
########..###........##.
................##..###.
.#######........##..###.
#......#..............
#..............#.###.P
#......#..####.#.....~
#......#..........#..P
#......###.###.#..#...


You could see a gnoll and a jackal.

Vanquished Creatures
  3 gnolls (D:2)
  A dart slug (D:2)
  3 ribbon worms (D:2)
  4 ball pythons (D:1)
  An endoplasm (D:2)
  3 hobgoblins (D:1)
  6 jackals
  3 kobolds
  A quokka (D:1)
  A bat (D:1)
  7 frilled lizards
  3 goblins
  6 rats
42 creatures vanquished.

Notes
Turn   | Place    | Note
-------+----------+-------------------------------------------
     0 | D:1      | Essalna the Gargoyle Earth Elementalist began the quest for
                  | the Orb.
     0 | D:1      | Reached XP level 1. HP: 10/10 MP: 3/3
     1 | D:1      | Found a runed translucent door.
   204 | D:1      | Reached XP level 2. HP: 15/15 MP: 3/5
   215 | D:1      | You fall into a shaft and drop 1 floor!
   328 | D:1      | Reached skill level 4 in Earth Magic
   352 | D:1      | Reached XP level 3. HP: 19/19 MP: 3/6
   798 | D:2      | Found a faded altar of an unknown god.
  1074 | D:2      | Reached XP level 4. HP: 24/24 MP: 6/8
  1079 | D:2      | Slain by a gnoll

Illustrated notes

Levels and vault maps discovered:
D:1:      dpeg_arrival_caged_fury, layout_basic, minmay_cut_off
D:2:      layout_basic, shapermc_ecumenical_altar_acropolis,
          corexii_corridor_pit, chequers_serial_rivers_small_3,
          wander_ebering_terrifying_dragon_lair

Skill      XL: |  1  2  3 |
---------------+----------+-----
Earth Magic    | 4 |  4.5
Conjurations   | 2 |  2.4
Dodging        | |  1.5
Stealth        | |  2.1
Spellcasting   | |  2.9

Action                     |  1- 3 |  4- 6 || total
---------------------------+-------+-------++-------
  Melee: Hand axe          |     8 |       ||     8
   Cast: Sandblast         |    82 |     6 ||    88
 Armour: Robe              |    36 |     8 ||    44
  Dodge: Dodged            |    30 |     8 ||    38

Table legend: (Time is in decaauts)
 A = Elapsed time spent in this place.
 B = Non-inter-level travel time spent in this place.
 C = Inter-level travel time spent in this place.
 D = Time resting spent in this place.
 E = Time spent auto-exploring this place.
 F = Levels seen in this place.
 G = Mean time per level.
                   A        B        C        D        E       F      G
               +--------+--------+--------+--------+--------+-----+--------+
         Total |   1124 |   1104 |     20 |      0 |    829 |   2 |  562.0 |
       Dungeon |   1124 |   1104 |     20 |      0 |    829 |   2 |  562.0 |
               +--------+--------+--------+--------+--------+-----+--------+

Top non-repeatable levels by time:
     D:2: 574 daAuts
     D:1: 550 daAuts
